 Dungeon Crawl Stone Soup version 0.28.0-53-g5a82cb258f (webtiles) character file.

Game seed: 16191290213244422716

79 Ashen the Grave Robber (level 4, -1/32 HPs)
             Began as a Mummy Necromancer on July 9, 2022.
             Killed from afar by Sigmund (12 damage)
             ... with a puff of flame
             ... on level 2 of the Dungeon.
             The game lasted 00:03:14 (1386 turns).

Ashen the Grave Robber (Mummy Necromancer)          Turns: 1386, Time: 00:03:14

Health: -1/32      AC:  6    Str: 11    XL:     4   Next: 16%
Magic:  2/9        EV: 12    Int: 16    God:
Gold:   40         SH:  0    Dex: 12    Spells: 4/9 levels left

rFire   x . .      SeeInvis .   (no weapon)
rCold   + . .      Faith    .   (no shield)
rNeg    + + +      Spirit   .   a - +0 robe
rPois   ∞          Reflect  .   (no helmet)
rElec   .          Harm     .   (no cloak)
rCorr   .          Rampage  .   (no gloves)
Will    .....                   (no boots)
Stlth   ++........              (no amulet)
HPRegen 0.10/turn               b - +4 ring of protection
MPRegen 0.11/turn               (no ring)

@: no status effects
A: cold resistance 1, negative energy resistance 3, torment resistance 2, heat
vulnerability 1, no potions
a: no special abilities


You were on level 2 of the Dungeon.
You visited 1 branch of the dungeon, and saw 2 of its levels.

You collected 40 gold pieces.

Inventory:

Hand Weapons
 c - a +6 club
Armour
 a - a +0 robe (worn)
Jewellery
 b - a +4 ring of protection (left hand)


   Skills:
 + Level 1.4 Fighting
 + Level 2.1 Dodging
 + Level 2.2 Stealth
 + Level 3.3 Spellcasting
 + Level 4.4 Necromancy


You had 4 spell levels left.
You knew the following spells:

 Your Spells              Type           Power      Damage    Failure   Level
a - Pain                  Necr           64%        1d7       3%          1
b - Animate Skeleton      Necr           32%        N/A       3%          1
c - Vampiric Draining     Necr           16%        2d7       9%          3

Your spell library contained the following spells:

 Spells                   Type           Power      Damage    Failure   Level
 Animate Dead             Necr           8%         N/A       28%         4
 Agony                    Necr           16%        N/A       63%         5


Dungeon Overview and Level Annotations

Branches:
Dungeon (2/15)

Altars:

Annotations:
D:2 Sigmund


Innate Abilities, Weirdness & Mutations

You are immune to poison.
Your flesh is cold resistant. (rC+)
You are immune to negative energy. (rN+++)
You are immune to unholy pain and torment.
You are vulnerable to heat. (rF-)
You do not drink.


Message History

Casting: Pain (safe; 3% risk of failure)
Confirm with . or Enter, or press ? or * to list all spells.
Aiming: Pain (safe; 3% risk of failure)
Press: ? - help, Shift-Dir - straight line, f/p - Sigmund
Aim: Sigmund, wielding a +1 vorpal scythe, wearing a +2 robe of willpower and carrying a wand of flame (5) (moderately wounded, chance to affect: 49%)
You miscast Pain.
Nothing appears to happen.
Sigmund zaps a wand.
The puff of flame hits you. The fire burns you terribly!
Casting: Pain (safe; 3% risk of failure)
Confirm with . or Enter, or press ? or * to list all spells.
Aiming: Pain (safe; 3% risk of failure)
Press: ? - help, Shift-Dir - straight line, f/p - Sigmund
Aim: Sigmund, wielding a +1 vorpal scythe, wearing a +2 robe of willpower and carrying a wand of flame (4) (moderately wounded, chance to affect: 49%)
You miscast Pain.
Nothing appears to happen.
Sigmund hits you but does no damage.
Casting: Pain (safe; 3% risk of failure)
Confirm with . or Enter, or press ? or * to list all spells.
Aiming: Pain (safe; 3% risk of failure)
Press: ? - help, Shift-Dir - straight line, f/p - Sigmund
Aim: Sigmund, wielding a +1 vorpal scythe, wearing a +2 robe of willpower and carrying a wand of flame (4) (moderately wounded, chance to affect: 49%) Sigmund writhes in agony!
Sigmund barely misses you. Sigmund casts a spell at you.
The magic dart hits you.
Casting: Pain (safe; 3% risk of failure)
Confirm with . or Enter, or press ? or * to list all spells.
Aiming: Pain (safe; 3% risk of failure)
Press: ? - help, Shift-Dir - straight line, f/p - Sigmund
Aim: Sigmund, wielding a +1 vorpal scythe, wearing a +2 robe of willpower and carrying a wand of flame (4) (heavily wounded, chance to affect: 49%) Sigmund resists with some effort.
Sigmund casts a spell.
Sigmund flickers and vanishes!
Deactivating autopickup; reactivate with Ctrl-A.
You hear a zap.
A puff of flame appears from out of thin air!
The puff of flame hits you! The fire burns you terribly!
* * * LOW HITPOINT WARNING * * *
Your magical contamination has completely faded away.
You hear a zap.
A puff of flame appears from out of thin air!
The puff of flame hits you! The fire burns you terribly!
You die...

#......######
###..........
#..{.######
####.# #.#
#####
#.####...##
#..##⌠.>.⌠##
##.#.....÷.#
#.@...⌠.<.#
###.......#
##⌠.<.⌠##
##...## #####


There were no monsters in sight!

Vanquished Creatures
  Jessica (D:2)
  2 adders (D:2)
  2 endoplasms
  2 giant cockroaches (D:1)
  2 goblins (D:1)
  3 hobgoblins (D:1)
  4 jackals (D:1)
  2 kobolds
  A quokka (D:1)
  2 ball pythons (D:1)
  7 bats
  2 frilled lizards (D:1)
  5 rats
35 creatures vanquished.

Notes
Turn   | Place    | Note
-------+----------+-------------------------------------------
     0 | D:1      | Ashen the Mummy Necromancer began the quest for the Orb.
     0 | D:1      | Reached XP level 1. HP: 13/13 MP: 4/4
   369 | D:1      | Reached XP level 2. HP: 20/20 MP: 1/5
   633 | D:1      | Learned a level 1 spell: Animate Skeleton
   886 | D:1      | Reached skill level 1 in Fighting
   903 | D:1      | Reached XP level 3. HP: 26/26 MP: 5/7
  1152 | D:1      | Learned a level 3 spell: Vampiric Draining
  1334 | D:2      | Noticed Jessica
  1337 | D:2      | Killed Jessica
  1338 | D:2      | Reached XP level 4. HP: 32/32 MP: 6/9
  1347 | D:2      | Noticed Sigmund
  1386 | D:2      | Killed from afar by Sigmund

Illustrated notes

Levels and vault maps discovered:
D:1:      dpeg_arrival_simpleton_a, layout_basic, st_stairs_13
D:2:      layout_loops_ring, dilly_ecumenical_altar_fadedgnrine,
          serial_park_tiny_1, minmay_misc_feat_square, grunt_ministairs_7,
          amcnicky_mini_corridor_feature, grunt_decor_junction,
          minmay_misc_feat_pillars, uniq_jessica, uniq_terence, uniq_sigmund

Skill      XL: |  1  2  3 |
---------------+----------+-----
Spellcasting   | 3 |  3.3
Fighting       | 1 |  1.4
Dodging        | 2 |  2.1
Stealth        | 2 |  2.2
Necromancy     | |  4.4

Action                   |  1- 3 |  4- 6 || total
-------------------------+-------+-------++-------
Melee: Unarmed           |    64 |       ||    64
 Cast: Pain              |    55 |     5 ||    60
       Animate Skeleton  |     7 |     1 ||     8
Armor: Robe              |    40 |     1 ||    41
Dodge: Dodged            |    62 |     4 ||    66
